 Dungeon Crawl Stone Soup version 0.31-a0-810-ga77100ea1a (webtiles) character file.

Game seed: 17363542561132355436

31 Demosthentine the Ducker (level 3, 28/28 HPs)
             Began as a Demonspawn Gladiator on Sept 21, 2023.
             Got out of the dungeon alive.
             The game lasted 00:01:20 (951 turns).

Demosthentine the Ducker (Demonspawn Gladiator)      Turns: 951, Time: 00:01:20

Health: 28/28      AC:  4    Str: 16    XL:     3   Next: 7%
Magic:  3/3        EV: 12    Int:  9    God:
Gold:   10         SH:  0    Dex: 14    Spells: 2/2 levels left

rFire   . . .        a - +1 trident
rCold   . . .        (no shield)
rNeg    . . .        b - +0 leather armour
rPois   .            c - +0 helmet
rElec   .            (no cloak)
rCorr   .            (no gloves)
SInv    .            (no boots)
Will    .....        (no amulet)
Stlth   +            (no ring)
HPRegen 0.24/turn    (no ring)
MPRegen 0.08/turn

%: no passive effects
@: no status effects
A: claws 1, powered by pain 1
a: no special abilities


You escaped.
You visited 1 branch of the dungeon, and saw 2 of its levels.

You collected 10 gold pieces.

Inventory:

Hand Weapons
 a - a +1 trident (weapon)
Missiles
 d - 3 throwing nets (quivered)
 e - a javelin
Armour
 b - a +0 leather armour (worn)
 c - a +0 helmet (worn)
Jewellery
 f - a +6 ring of intelligence
Scrolls
 g - a scroll of torment
Potions
 j - 2 potions of heal wounds


   Skills:
 + Level 2.4 Fighting
 + Level 3.0 Polearms
 - Level 1.7 Throwing
 + Level 1.0 Armour
 + Level 3.0 Dodging


You had 2 spell levels left.
You didn't know any spells.
Your spell library was empty.

Dungeon Overview and Level Annotations

Branches:
Dungeon (2/15)

Altars:


Innate Abilities, Weirdness & Mutations

You have sharp fingernails.
You sometimes gain a little power by taking damage.


Message History

The kobold is moderately wounded.
The kobold hits you with a +0 short sword.
You closely miss the kobold.
The kobold is moderately wounded.
The kobold hits you with a +0 short sword.
You barely miss the kobold.
The kobold is moderately wounded.
The kobold hits you but does no damage. The kobold completely misses you.
You hit the kobold.
You kill the kobold!
The goblin closely misses you.
Your Dodging skill increases to level 3!
You hit the goblin.
You kill the goblin!
The adder closely misses you.
You hit the adder.
The adder is severely wounded.
The adder misses you.
You hit the adder.
The adder is almost dead.
The adder bites you but does no damage. The adder closely misses you.
You hit the adder.
You kill the adder!
Your Polearms skill increases to level 3!
Your Armour skill increases to level 1!
You have reached level 3!
Your experience leads to an increase in your attributes!
Increase (S)trength, (I)ntelligence, or (D)exterity?
You feel stronger. x2
You feel monstrous as your demonic heritage exerts itself.
Your demonic ancestry asserts itself...
Your fingernails lengthen.
What level of the Dungeon? (default 2, ? - help)
There is an open door here.
You see here 8 stones.
There is a stone staircase leading up here.
You climb upwards.
There is a stone staircase leading down here.
There is a staircase leading out of the dungeon here.
You have escaped!

##.#......≈...≈......##.#....
#.#.....⌠§..§§⌠........+....
#........≈..§≈§......#+#....
##.......≈...≈.§............
##.....⌠≈...≈⌠§............
#......§...≈..............
#...§.≈.....≈.............
#....⌠≈...[.§⌠...........#
#.....≈..@..≈.............
#.....§.....≈.............
####....⌠§.....≈⌠............
#........≈.....≈.............
#............................
#............................
#...#......####..####........
#...#...............#...(....
#.............#####.#........


There were no monsters in sight!

Vanquished Creatures
  An adder (D:2)
  3 ball pythons
  A bat (D:1)
  2 endoplasms (D:1)
  3 goblins
  A hobgoblin (D:1)
  2 quokkas (D:1)
  A frilled lizard (D:1)
  3 kobolds
  3 rats (D:1)
20 creatures vanquished.

Notes
Turn   | Place    | Note
-------+----------+-------------------------------------------
     0 | D:1      | Demosthentine the Demonspawn Gladiator began the quest for
                  | the Orb.
     0 | D:1      | Reached XP level 1. HP: 16/16 MP: 1/1
   217 | D:1      | Gained mutation: You sometimes gain a little power by
                  | taking damage. [demonic ancestry]
   217 | D:1      | Reached XP level 2. HP: 21/22 MP: 2/2
   882 | D:2      | Reached skill level 1 in Armour
   882 | D:2      | Discovered your monstrous ancestry.
   882 | D:2      | Gained mutation: You have sharp fingernails. [demonic
                  | ancestry]
   882 | D:2      | Reached XP level 3. HP: 23/28 MP: 3/3
   951 | D:$      | Got out of the dungeon alive.

Illustrated notes

Levels and vault maps discovered:
D:1:      orjb1_lava_funnel, layout_basic
D:2:      layout_basic, basic_altar, shapermc_ecumenical_altar_mp_urbaneastern,
          dreamdust_princess_corridor, grunt_ministairs_14

Skill      XL: |  1  2 |
---------------+-------+-----
Dodging        | 3 |  3.0
Polearms       | 3 |  3.0
Armour         | 1 |  1.0
Fighting       | |  2.4
Throwing       | |  1.7

Action                     || total
---------------------------++-------
  Melee: Trident           ||    73
    Use: Scroll            ||     6
 Armour: Leather armour    ||    32
  Dodge: Dodged            ||    48

Table legend: (Time is in decaauts)
 A = Elapsed time spent in this place.
 B = Non-inter-level travel time spent in this place.
 C = Inter-level travel time spent in this place.
 D = Time resting spent in this place.
 E = Time spent auto-exploring this place.
 F = Levels seen in this place.
 G = Mean time per level.
                   A        B        C        D        E       F      G
               +--------+--------+--------+--------+--------+-----+--------+
         Total |    962 |    913 |     49 |      0 |    714 |   2 |  481.0 |
       Dungeon |    962 |    913 |     49 |      0 |    714 |   2 |  481.0 |
               +--------+--------+--------+--------+--------+-----+--------+

Top non-repeatable levels by time:
     D:1: 807 daAuts
     D:2: 154 daAuts
